 Dungeon Crawl Stone Soup version 0.16.0-17-g811c1d7 (webtiles) character file.

36628 Chiseanne the Nimble (level 13, -8/63 HPs)
             Began as a Vine Stalker Monk on Mar 21, 2015.
             Was a High Priest of the Shining One.
             Mangled by a titanic slime creature (69 damage)
             ... on level 14 of the Dungeon.
             The game lasted 01:04:35 (12557 turns).

Chiseanne the Nimble (Vine Stalker Monk)           Turns: 12557, Time: 01:04:36

Health: -8/63      AC: 21    Str: 20    XL:     13   Next: 91%
Magic:  0/26       EV: 22    Int: 10    God:    the Shining One [*****.]
Gold:   123        SH: 10    Dex: 18    Spells: 0 memorised, 12 levels left

rFire  + . .     SeeInvis .       - Unarmed
rCold  + . .     Clarity  .     j - +5 ring mail {rF+}
rNeg   + + .     SustAb   .     (no shield)
rPois  +         Gourm    .     R - +2 helmet of Dixkucva {rElec rPois Regen+ Dex-3 Stlth+}
rElec  +         Spirit   +     t - +2 cloak
rCorr  +         Warding  .     m - +0 pair of gloves
rMut   .         Stasis   .     l - +0 pair of boots
MR     +....                    w - amulet of resist corrosion
Stlth  +.........               Q - ring of protection from cold
                                z - +5 ring of strength

@: divine shield, glowing, somewhat resistant to hostile enchantments, very
unstealthy
A: fangs 3, regeneration 3, magic shield, antimagic bite, no device heal 3, rot
immunity
a: Divine Shield, Cleansing Flame, Summon Divine Warrior, Renounce Religion


You were on level 14 of the Dungeon.
You worshipped the Shining One.
The Shining One was extremely pleased with you.
You were not hungry.

You visited 1 branch of the dungeon, and saw 14 of its levels.
You visited 1 bazaar.
You also visited: Ice Cave.

You collected 982 gold pieces.
You spent 859 gold pieces at shops.

Inventory:

Hand weapons
 O - a +0 blowgun
Missiles
 v - 4 throwing nets (quivered)
 C - 8 javelins
 D - 22 tomahawks
Armour
 j - a +5 ring mail of fire resistance (worn)
 l - a +0 pair of boots (worn)
 m - a +0 pair of gloves (worn)
 s - a +1 ring mail of poison resistance
 t - a +2 cloak (worn)
 R - the +2 helmet of Dixkucva (worn) {rElec rPois Regen+ Dex-3 Stlth+}
   (You bought it in a shop in a bazaar)

   It affects your dexterity (-3).
   It insulates you from electricity.
   It protects you from poison.
   It increases your rate of regeneration.
   It makes you more stealthy.
 S - a fire dragon hide
Jewellery
 i - an uncursed amulet of faith
 q - an uncursed ring of protection from fire
 u - an uncursed amulet of the gourmand
 w - an amulet of resist corrosion (around neck)
 z - a +5 ring of strength (left hand)
 I - an uncursed ring of poison resistance
 Q - a ring of protection from cold (right hand)
Magical devices
 a - a wand of digging (9)
 e - a wand of lightning (7)
 x - a wand of teleportation (4)
 J - a wand of disintegration (6)
 L - a wand of digging (11)
 P - a wand of digging (13)
Scrolls
 f - 3 scrolls of recharging
 g - a scroll of holy word
 p - 6 scrolls of teleportation
 r - a scroll of blinking
 y - a scroll of magic mapping
 B - 4 scrolls of remove curse
 H - a scroll of immolation
 M - 3 scrolls of enchant armour
 N - a scroll of enchant weapon
Potions
 c - 4 potions of haste
 h - 4 potions of resistance
 n - 4 potions of restore abilities
 o - 2 potions of lignification
 A - 5 potions of curing
 E - 3 potions of might
 G - 2 potions of cancellation
 K - 3 potions of flight
 V - a potion of berserk rage
Comestibles
 b - 12 bread rations
 d - a beef jerky
 k - 2 meat rations
 F - a slice of pizza
 T - a chunk of flesh


   Skills:
 - Level 4.4 Fighting
 * Level 9.6 Armour
 * Level 14.6 Dodging
 - Level 2.4 Stealth
 - Level 6.6 Unarmed Combat
 * Level 8.3 Invocations


You had 12 spell levels left.
You didn't know any spells.

Dungeon Overview and Level Annotations

Branches:
Dungeon (14/15)            Temple (0/1) D:6            Lair (0/8) D:8
    Orc (0/4) D:12         Vaults (0/5) D:14

Altars:
Dithmenos
Elyvilon
Fedhas
Gozag
Kikubaaqudgha
Makhleb
Nemelex Xobeh
Okawaru
Sif Muna
Trog
Xom
The Shining One

Shops:
D:6 [   D:8 *   D:12 (


Innate Abilities, Weirdness & Mutations

You have razor-sharp teeth.
You regenerate.
When hurt, damage is shared between your health and your magic reserves.
Your bite disrupts and absorbs the magic of your enemies.
Potions and wands cannot restore your health.
You are immune to rotting.


Message History

The kobold dies!
You block the kobold's attack.
You punch the kobold!!
You kill the kobold!
The titanic slime creature hits your angel!!
A kobold comes into view.
Your angel hits the titanic slime creature with a whip of holy wrath!
Your angel hits the titanic slime creature but does no damage.
The titanic slime creature closely misses you.
Your angel hits the titanic slime creature with a whip of holy wrath! x2
Things that are here:
a club; 26 stones You hit the titanic slime creature.
You bite the titanic slime creature. You drain its power.
You feel invigorated.
The titanic slime creature is lightly wounded.
Your angel hits the titanic slime creature with a whip of holy wrath!!
Your angel hits the titanic slime creature with a whip of holy wrath!
The titanic slime creature hits you!!!!
Ouch! That really hurt!
You die...

.......[.......
.............##
............#
#.####......##
........... #.#
#.....## .
......... #.#
#....## . ...
#.# #...## . ..
##.## #..## #
...K###†..###.##
#
...KJKKJA∩.....#
#
...J###@..#####
. ##.## . #.# .
#.# #.# #.# ..#
###


You could see a titanic slime creature, a slime creature, a big kobold, 3
kobolds and a friendly angel.

Vanquished Creatures
  Louise (D:14)
  Azrael (D:14)
  6 vault guards
  A fire dragon (D:14)
  Nessos (D:13)
  A hydra (D:11)
  A centaur warrior (D:14)
  2 tengu warriors
  The ghost of TZer0 the Slicer, an experienced VSSk (D:8)
  An unseen horror (D:13)
  Erolcha (D:10)
  7 hill giants
  A manticore (D:11)
  2 ugly things
  2 cyclopes (D:11)
  A centaur zombie (D:14)
  Joseph (D:10)
  2 gargoyles
  2 centaur skeletons
  The ghost of Chiseanne the Ruffian, an experienced VSMo of Gozag (D:4)
  3 trolls (D:13)
  2 two-headed ogres
  A raven (D:14)
  6 slime creatures
  A basilisk (D:11)
  3 wraiths
  A spriggan (D:8)
  2 fire elementals (D:14)
  A yak (shapeshifter) (D:11)
  4 deep elf magi
  A steam dragon (D:10)
  2 wyverns
  3 hippogriffs
  Eustachio (D:10)
  A hungry ghost (D:13)
  14 yaks
  Edmund (D:6)
  4 vampire mosquitoes
  A wandering mushroom (D:8)
  A mottled dragon (D:11)
  3 eyes of draining
  2 wasps
  2 black bears
  5 orc warriors
  10 ice beasts
  A phantom (D:13)
  3 sky beasts
  2 crocodiles (D:11)
  7 ogres
  7 centaurs
  A wyvern zombie (D:14)
  17 giant frogs
  2 gnoll sergeants
  5 scorpions
  10 killer bees
  7 crimson imps
  21 wights
  9 iguanas
  4 jellies
  A goliath beetle (D:8)
  4 giant frog skeletons
  2 giant frog zombies
  Crazy Yiuf (D:6)
  6 orc priests
  7 hounds
  10 orc wizards
  11 worker ants
  A killer bee zombie (D:10)
  2 hound zombies
  A hound skeleton (D:5)
  A worker ant zombie (D:10)
  19 gnolls
  10 adders
  2 shadow imps (D:11)
  13 white imps
  A giant mite (D:1)
  A worker ant simulacrum (D:10)
  A worm (D:5)
  An adder skeleton (D:5)
  6 giant geckos
  2 oozes
  41 orcs
  A ball python (D:4)
  A bat skeleton (D:4)
  8 bat zombies
  6 giant cockroaches
  10 goblins
  12 hobgoblins
  12 jackals
  3 quokkas
  A ball python skeleton (D:4)
  13 bats
  A giant cockroach zombie (D:6)
  2 giant gecko zombies
  6 giant newts
  A giant spore (D:11)
  2 goblin skeletons (D:6)
  A goblin zombie (D:6)
  A jackal zombie (D:6)
  16 kobolds
  A kobold skeleton (D:6)
  An orc zombie (D:6)
  A quokka skeleton (D:5)
  A quokka zombie (D:6)
  13 rats
  3 rat zombies (D:7)
  A ballistomycete (D:11)
  4 fungi (D:8)
473 creatures vanquished.

Vanquished Creatures (collateral kills)
  A vault guard (D:14)
  Nergalle (D:13)
  A fire elemental (D:14)
  A hell hound (D:14)
  A spectral orc (D:13)
  A kobold (D:14)
6 creatures vanquished.

Vanquished Creatures (others)
  A hound (D:11)
  A ballistomycete (D:11)
  A fungus (D:8)
3 creatures vanquished.

Grand Total: 482 creatures vanquished

Notes
Turn   | Place    | Note
--------------------------------------------------------------
     0 | D:1      | Chiseanne, the Vine Stalker Monk, began the quest for the Orb.
     0 | D:1      | Reached XP level 1. HP: 11/11 MP: 1/1
   100 | D:1      | Reached XP level 2. HP: 16/16 MP: 3/3
   487 | D:1      | Reached XP level 3. HP: 19/19 MP: 4/4
   847 | D:2      | Reached XP level 4. HP: 15/24 MP: 5/5
  1270 | D:2      | Reached skill level 1 in Armour
  1458 | D:3      | You fall through a shaft for 2 floors!
  1458 | D:5      | Entered Level 5 of the Dungeon
  1475 | D:5      | Reached skill level 5 in Unarmed Combat
  1475 | D:5      | Reached XP level 5. HP: 28/28 MP: 7/7
  1792 | D:4      | Noticed Chiseanne's ghost (experienced VSMo)
  1831 | D:4      | Found an iron altar of Okawaru.
  1832 | D:4      | Found a shimmering altar of Xom.
  1956 | D:4      | Gained mutation: You heal very quickly. [vine stalker growth]
  1956 | D:4      | Reached XP level 6. HP: 32/32 MP: 8/8
  2085 | D:4      | Noticed a centaur
  2092 | D:4      | Killed a centaur
  2125 | D:4      | Killed Chiseanne's ghost
  2125 | D:4      | Reached XP level 7. HP: 26/37 MP: 7/9
  2181 | D:4      | Reached skill level 6 in Unarmed Combat
  3624 | D:5      | Noticed an ogre
  3631 | D:5      | Killed an ogre
  3631 | D:5      | Reached skill level 5 in Dodging
  3649 | D:5      | Gained mutation: You have razor-sharp teeth. [vine stalker growth]
  3649 | D:5      | Reached XP level 8. HP: 42/42 MP: 11/11
  4398 | D:6      | Found a glowing golden altar of the Shining One.
  4422 | D:6      | Became a worshipper of the Shining One
  4422 | D:6      | Acquired the Shining One's first power
  4422 | D:6      | Acquired the Shining One's second power
  4435 | D:6      | Noticed Edmund
  4442 | D:6      | Killed Edmund
  4526 | D:6      | Found an opulent altar of Gozag.
  4528 | D:6      | Found Lotam's Armour Shop.
  4575 | D:6      | Reached skill level 1 in Invocations
  4598 | D:6      | Found a staircase to the Ecumenical Temple.
  4677 | D:6      | Noticed Crazy Yiuf
  4682 | D:6      | Paralysed by Crazy Yiuf for 5 turns
  4689 | D:6      | Killed Crazy Yiuf
  4847 | D:6      | Reached XP level 9. HP: 39/46 MP: 7/14
  4919 | D:6      | Found a shadowy altar of Dithmenos.
  5289 | D:7      | Found a sparkling altar of Nemelex Xobeh.
  5403 | D:7      | Found a deep blue altar of Sif Muna.
  5632 | D:7      | Reached skill level 7 in Dodging
  5659 | D:7      | Reached skill level 5 in Armour
  5717 | D:7      | Found a bloodstained altar of Trog.
  5906 | D:7      | Found an ancient bone altar of Kikubaaqudgha.
  6378 | D:8      | Noticed TZer0's ghost (experienced VSSk)
  6387 | D:8      | Killed TZer0's ghost
  6395 | D:8      | Found a burning altar of Makhleb.
  6501 | D:8      | Reached XP level 10. HP: 43/51 MP: 13/18
  6519 | D:8      | Found a staircase to the Lair.
  6523 | D:8      | Noticed a wandering mushroom
  6552 | D:8      | Killed a wandering mushroom
  6614 | D:8      | Reached skill level 8 in Dodging
  6730 | D:8      | Found Reujamm's Assorted Antiques.
  6737 | D:8      | Bought a scroll of teleportation for 90 gold pieces
  6737 | D:8      | Bought a scroll of enchant armour for 225 gold pieces
  6737 | D:8      | Bought a metallic ruby potion for 27 gold pieces
  7088 | D:8      | Found a blossoming altar of Fedhas.
  7375 | D:9      | Found a white marble altar of Elyvilon.
  7781 | D:10     | Entered Level 10 of the Dungeon
  7806 | D:10     | Noticed a hill giant
  7813 | D:10     | Noticed Joseph
  7814 | D:10     | Killed a hill giant
  7835 | D:10     | Killed Joseph
  7896 | D:10     | Acquired the Shining One's third power
  7942 | D:10     | Reached skill level 9 in Dodging
  7968 | D:10     | Reached XP level 11. HP: 21/54 MP: 21/21
  8090 | D:10     | Noticed Eustachio
  8099 | D:10     | Killed Eustachio
  8103 | D:10     | Reached skill level 5 in Invocations
  8601 | D:10     | Reached skill level 10 in Dodging
  8638 | D:10     | Noticed Erolcha
  8652 | D:10     | Killed Erolcha
  8654 | D:10     | You fall through a shaft!
  8654 | D:11     | Found a frozen archway.
  8654 | D:11     | Acquired the Shining One's fourth power
  8686 | IceCv    | Entered an ice cave
  8790 | IceCv    | Noticed an ice statue
  8790 | IceCv    | Noticed an ice statue
  8790 | IceCv    | Noticed an ice statue
  8883 | D:11     | Noticed a hill giant
  8900 | D:11     | Killed a hill giant
  8921 | D:11     | Noticed a hill giant
  8934 | D:11     | Killed a hill giant
  8955 | D:11     | Reached skill level 11 in Dodging
  9276 | D:11     | Noticed a hill giant
  9283 | D:11     | Killed a hill giant
  9319 | D:11     | Gained mutation: You regenerate. [vine stalker growth]
  9319 | D:11     | Reached XP level 12. HP: 40/58 MP: 18/23
  9328 | D:11     | Got a steaming robe
  9360 | D:11     | Identified the +1 robe "Egyon" {Str-4 Int+4 Dex+4} (You took it off a wight on level 11 of the Dungeon)
  9391 | D:11     | Noticed a hill giant
  9425 | D:11     | Killed a hill giant
  9472 | D:11     | Noticed a six-headed hydra
  9498 | D:11     | Killed a six-headed hydra
  9498 | D:11     | Reached skill level 12 in Dodging
 10107 | D:12     | Found a staircase to the Orcish Mines.
 10126 | D:12     | Found Iqaus' Weapon Shoppe.
 10198 | D:12     | Found a flickering gateway to a bazaar.
 10207 | Bazaar   | Entered a bazaar
 10210 | Bazaar   | Found Veomag Thres' Antique Armour Boutique.
 10218 | Bazaar   | Found Huadwua's Antique Weapon Boutique.
 10231 | Bazaar   | Found Jatarop Iripp's Distillery.
 10241 | Bazaar   | Found Cocuc's Gadget Shop.
 10248 | Bazaar   | Found Befofec's General Store.
 10286 | Bazaar   | Bought an ichor-stained helmet for 161 gold pieces
 10286 | Bazaar   | Bought a steaming chain mail for 161 gold pieces
 10297 | Bazaar   | Identified the +2 helmet of Dixkucva {rElec rPois Regen+ Dex-3 Stlth+} (You bought it in a shop in a bazaar)
 10309 | Bazaar   | Identified the -8 chain mail "Khuinonwau" {rC- MP+9 Dex+3} (You bought it in a shop in a bazaar)
 10337 | Bazaar   | Bought a potion of restore abilities for 65 gold pieces
 10337 | Bazaar   | Bought a potion of restore abilities for 65 gold pieces
 10337 | Bazaar   | Bought a potion of restore abilities for 65 gold pieces
 11049 | D:13     | Reached skill level 13 in Dodging
 11057 | D:13     | Noticed Nergalle
 11075 | D:13     | Paralysed by Nergalle for 7 turns
 11078 | D:13     | Killed Nergalle
 11370 | D:13     | Noticed Nessos
 11401 | D:13     | Killed Nessos
 11401 | D:13     | Reached XP level 13. HP: 14/63 MP: 25/25
 11725 | D:14     | Noticed Azrael
 11823 | D:14     | Noticed Louise
 11947 | D:14     | Noticed a vault guard
 11963 | D:14     | Noticed a vault guard
 11992 | D:13     | Killed a vault guard
 12018 | D:14     | Killed a vault guard
 12151 | D:14     | Reached skill level 14 in Dodging
 12242 | D:14     | Noticed a vault guard
 12274 | D:14     | Killed a vault guard
 12301 | D:14     | Noticed a vault guard
 12318 | D:14     | Killed a vault guard
 12323 | D:14     | Noticed a vault guard
 12337 | D:14     | Killed a vault guard
 12346 | D:14     | Noticed a vault guard
 12354 | D:14     | Killed Louise
 12368 | D:14     | Killed a vault guard
 12525 | D:14     | Killed Azrael
 12540 | D:14     | Found a gate to the Vaults.
 12544 | D:14     | Noticed a vault guard
 12551 | D:14     | Killed a vault guard
 12552 | D:14     | Noticed a vault guard
 12557 | D:14     | Mangled by a titanic slime creature

Action                   |  1- 3 |  4- 6 |  7- 9 | 10-12 | 13-15 || total
-------------------------+-------+-------+-------+-------+-------++-------
Melee: Unarmed           |    63 |   165 |   292 |   717 |   291 ||  1528
Throw: Throwing net      |       |       |     1 |     2 |       ||     3
Invok: Divine Shield     |       |       |     3 |     5 |     7 ||    15
       Cleansing Flame   |       |       |       |     1 |       ||     1
       Summon Divine War |       |       |       |     1 |     1 ||     2
Evoke: Wand              |       |       |     3 |     7 |     1 ||    11
  Use: Scroll            |     4 |    10 |    10 |    11 |     2 ||    37
       Potion            |       |     1 |       |     2 |     1 ||     4
 Stab: Sleeping          |       |       |     2 |       |       ||     2
       Held in net/web   |       |       |       |     1 |       ||     1
  Eat: Chunk             |       |     4 |    14 |    14 |     4 ||    36
       Beef jerky        |       |       |       |     2 |       ||     2
       Royal jelly       |       |       |       |     1 |       ||     1
